 Dungeon Sprint DCSS version 0.21-a0-401-g0b6bec4 (webtiles) character file.

23 Amnesiac the Sneak (level 2, -16/19 HPs)
             Began as a Demonspawn Earth Elementalist on Oct 21, 2017.
             Demolished by an ogre
             ... wielding a +0 giant club
              (19 damage)
             ... in the Dungeon (Sprint I: "Red Sonja").
             The game lasted 00:01:41 (168 turns).

Amnesiac the Sneak (Demonspawn Earth Elementalist)   Turns: 168, Time: 00:01:42

Health: -16/19     AC:  2    Str:  8    XL:     2   Next: 72%
Magic:  1/5        EV: 12    Int: 16    God:
Gold:   108        SH:  0    Dex: 13    Spells: 2/5 levels left

rFire    . . .     SeeInvis .   a - +0 dagger
rCold    . . .     Gourm    .   (no shield)
rNeg     . . .     Faith    .   c - +0 robe
rPois    .         Spirit   .   (no helmet)
rElec    .         Reflect  .   (no cloak)
rCorr    .         Harm     .   (no gloves)
MR       .....     NoTele   +   (no boots)
Stlth    +++.......             (no amulet)
HPRegen  0.06/turn              (no ring)
MPRegen  0.09/turn              (no ring)

@: very slightly contaminated, hasted (expiring), very quick
A: powered by death 1
a: no special abilities


You were in the Dungeon.
You were not hungry.

You visited 1 branch You collected 108 gold pieces.

Inventory:

Hand Weapons
 a - a +0 dagger (weapon)
Missiles
 b - 23 stones (quivered)
Armour
 c - a +0 robe (worn)
Scrolls
 j - a scroll of blinking {!r}
Books
 k - a book of Geomancy

   Spells                             Type                      Level
   a - Sandblast                      Earth                        1
   b - Passwall                       Transmutation/Earth          2
   c - Stone Arrow                    Conjuration/Earth            3
   d - Petrify                        Transmutation/Earth          4
   e - Lee's Rapid Deconstruction     Earth                        5
Comestibles
 d - a bread ration


   Skills:
 + Level 0.0 Short Blades
 - Level 1.7 Dodging
 - Level 5.8 Stealth
 - Level 2.0 Spellcasting
 - Level 0.8 Transmutations
 - Level 2.6 Earth Magic


You had 2 spell levels left.
You knew the following spells:

 Your Spells              Type           Power        Failure   Level  Hunger
a - Sandblast             Erth           ##....       7%          1    #......
b - Passwall              Tmut/Erth      #.........   16%         2    ###....


Dungeon Overview and Level Annotations

Branches:
Dungeon (1/1)

Altars:

Annotations:
D Sigmund


Innate Abilities, Weirdness & Mutations

You regenerate a little health from kills.


Message History

You are confused.
You begin to meditate on the wall.
You continue meditating on the rock. x2
Sigmund barely misses you.
You finish merging with the rock.
You bump into the rock wall.
You're too confused to cast spells.
Unknown command.
You bump into the rock wall.
You bump into the closed door.
You bump into the closed door.
You feel less confused.
Sigmund opens the door.
An ogre comes into view. It is wielding a giant club.
You close the door.
Casting: Passwall
Confirm with . or Enter, or press ? or * to list all spells.
Which direction?
You miscast Passwall.
The air around you crackles with energy!
Sigmund opens the door.
Unknown command.
Casting: Passwall
Confirm with . or Enter, or press ? or * to list all spells.
Which direction?
This rock feels extremely deep.
Sigmund hits you from afar with a scythe of protection!
* * * LOW HITPOINT WARNING * * *
Unknown command.
Really quaff
f - a potion of heal wounds {!q}?
You feel much better.
Sigmund hits you with a scythe of protection!
Ouch! That really hurt!
* * * LOW HITPOINT WARNING * * *
There is an open door, spattered with blood here.
The ogre barely misses you.
You open the door.
There is an open door here.
There is an open door, spattered with blood here.
You see here a shiny scale mail.
There is a fountain of clear blue water here.
You aren't carrying any potions.
Unknown command.
You swing at nothing.
You hit the ogre.
The ogre is lightly wounded.
Your extra speed is starting to run out.
The ogre closely misses you.
You hit the ogre.
The ogre is moderately wounded.
Sigmund closely misses you.
You hit the ogre.
The ogre is moderately wounded.
The ogre closely misses you.
Unknown command.
You hit the ogre but do no damage.
The ogre is moderately wounded.
Sigmund hits you from afar with a scythe of protection.
* * * LOW HITPOINT WARNING * * *
Unknown command.
You barely miss the ogre.
The ogre is moderately wounded.
The ogre hits you with a giant club!!
Ouch! That really hurt!
You die...

#############
#<.#.O@..#..+
#..[..#.O'..#
#..#####'####
#..# #..#
#.@# ####
#.O# #⌠@#
#### #..#
####


You could see Sigmund and an ogre.

Vanquished Creatures
  Ijyb (D)
1 creature vanquished.

Notes
Turn   | Place    | Note
-------+----------+-------------------------------------------
     0 | D        | Amnesiac the Demonspawn Earth Elementalist began the quest for the Orb.
     0 | D        | Reached XP level 1. HP: 13/13 MP: 3/3
     1 | D        | Noticed Ijyb
    10 | D        | Killed Ijyb
    10 | D        | Reached skill level 5 in Stealth
    10 | D        | Gained mutation: You regenerate a little health from kills. [demonic ancestry]
    10 | D        | Reached XP level 2. HP: 19/19 MP: 3/5
    28 | D        | Learned a level 2 spell: Passwall
   123 | D        | Noticed Sigmund
   143 | D        | Noticed an ogre
   168 | D        | Demolished by an ogre

Vault maps used:
D:        dungeon_sprint_1

Skill      XL: |  1 |
---------------+----+-----
Stealth        | 5 |  5.8
Dodging        | |  1.7
Spellcasting   | |  2.0
Transmutations | |  0.8
Earth Magic    | |  2.6

Action                   || total
-------------------------++-------
Melee: Unarmed           ||     7
       Dagger            ||     6
 Cast: Sandblast         ||     7
       Passwall          ||     6
  Use: Potion            ||     6
 Stab: Sleeping          ||     1
Armor: Robe              ||     1
Dodge: Dodged            ||    10

Table legend:
 A = Spawn XP
 B = Non-spawn XP
 C = Spawn XP percentage of total XP
 D = Spawn monster count
 E = Non-spawn monster count
 F = Spawn count percentage of total count
 G = Total turns spent on level
                    A         B        C        D         E        F      G
               +---------+---------+-------+---------+---------+-------+---------
         Total |       0 |      33 |   0.0 |       0 |       1 |   0.0 |   168
               +---------+---------+-------+---------+---------+-------+---------
             D |       0 |      33 |   0.0 |       0 |       1 |   0.0 |   168
               +---------+---------+-------+---------+---------+-------+---------
